 Dungeon Crawl Stone Soup version 0.22-a0-40-g3d2f077 (webtiles) character file.

841 theanonym the Gusty (level 8, 0/41 HPs)
             Began as a Tengu Air Elementalist on Jan 4, 2018.
             Slain by Duvessa
             ... wielding a +0 rapier
              (9 damage)
             ... on level 4 of the Dungeon.
             The game lasted 00:18:34 (7868 turns).

theanonym the Gusty (Tengu Air Elementalist)        Turns: 7868, Time: 00:18:35

Health: 0/41       AC:  3    Str:  9    XL:     8   Next: 0%
Magic:  15/15      EV: 13    Int: 17    God:
Gold:   156        SH:  0    Dex: 15    Spells: 3/16 levels left

rFire    . . .     SeeInvis .   p - +2 dagger (flame)
rCold    . . .     Gourm    .   (no shield)
rNeg     . . .     Faith    .   a - +0 robe {0}
rPois    .         Spirit   .   (helmet restricted)
rElec    .         Reflect  .   (no cloak)
rCorr    .         Harm     .   s - +0 pair of gloves
MR       .....                  (boots unavailable)
Stlth    ++........             (no amulet)
HPRegen  0.13/turn              (no ring)
MPRegen  0.14/turn              (no ring)

@: no status effects
A: beak, talons 3, able to fly 1
a: Fly


Innate Abilities, Weirdness & Mutations

You have a beak for a mouth.
You have claws for feet.
You can fly.


   Skills:
 - Level 2.1 Dodging
 - Level 2.0 Stealth
 + Level 4.5 Spellcasting
 + Level 7.3 Conjurations
 + Level 7.5 Air Magic


You had 3 spell levels left.
You knew the following spells:

 Your Spells              Type           Power        Failure   Level  Hunger
a - Shock                 Conj/Air       ####         1%          1    None
b - Static Discharge      Conj/Air       ####....     1%          3    ###....
c - Lightning Bolt        Conj/Air       ####......   19%         5    ######.
e - Airstrike             Air            ####......   7%          4    ####...

Skill      XL: |  1  2  3  4  5  6  7 |
---------------+----------------------+-----
Conjurations   | 2 3 4 5 6 7 |  7.3
Air Magic      | 5 6 7 |  7.5
Spellcasting   | 3 4 |  4.5
Dodging        | |  2.1
Stealth        | |  2.0

Action                   |  1- 3 |  4- 6 |  7- 9 || total
-------------------------+-------+-------+-------++-------
Melee: Unarmed           |    62 |       |       ||    62
       Kick              |    17 |    10 |     3 ||    30
       Peck              |    11 |     9 |     9 ||    29
       Dagger            |     3 |    68 |    33 ||   104
 Cast: Shock             |    58 |    75 |    39 ||   172
       Airstrike         |       |     7 |     2 ||     9
       Static Discharge  |       |     3 |     7 ||    10
 Abil: Fly               |       |     1 |     3 ||     4
Evoke: Wand              |       |       |     4 ||     4
  Use: Scroll            |       |     2 |       ||     2
 Stab: Sleeping          |     1 |     3 |     1 ||     5
       Paralysed         |       |       |     7 ||     7
  Eat: Chunk             |     6 |     4 |     2 ||    12
       Ration            |       |     2 |     2 ||     4
Armor: Robe              |    15 |    29 |     7 ||    51
Dodge: Dodged            |    49 |    92 |    11 ||   152

Inventory:

Hand Weapons
 p - a +2 dagger of flaming (weapon)
   (You found it on level 3 of the Dungeon)
Armour
 a - a +0 robe (worn) {0}
 n - a +0 leather armour {4}
   (You found it on level 3 of the Dungeon)
 s - a +0 pair of gloves (worn)
   (You found it on level 4 of the Dungeon)
Wands
 g - a wand of paralysis (13)
   (You found it on level 4 of the Dungeon)
Scrolls
 i - 2 scrolls of remove curse
 k - a scroll of noise {unknown}
 m - a scroll of blinking {unknown}
 q - a scroll of fear {unknown}
 t - 2 scrolls of teleportation {!r}
Potions
 c - 2 potions of flight {unknown}
 d - 2 potions of mutation {unknown}
 f - a potion of cancellation {unknown}
 h - 2 potions of resistance {unknown}
 j - a potion of berserk rage {unknown}
 l - 2 potions of haste {unknown}
 o - a potion of agility {unknown}
 r - a potion of lignification {unknown}
Books
 b - a book of Air


You were on level 4 of the Dungeon.
You were hungry.

You visited 2 branches of the dungeon, and saw 5 of its levels.

You collected 156 gold pieces.

Dungeon Overview and Level Annotations

Branches:
Dungeon (4/15)             Temple (1/1) D:4

Altars:
Ashenzari
Cheibriados
Dithmenos
Elyvilon
Fedhas
Gozag
Hepliaklqana
Makhleb
Nemelex Xobeh
Okawaru
Qazlal
Sif Muna
Trog
Wu Jian
Yredelemnul
Zin
The Shining One

Annotations:
D:4 Duvessa

#.# #.... #.# #..# ##... #.#
#..# ##### #... #.#######
#..##..... ###... #.......#
#....... +..... #..####.#
#..#... ##.... #..# #.#
#....##### #...#
#..####.#####.#..........#...
#..#........@e...............
#..#..#.#######).............
#.##.>... ..............
#####.##..#.# ............##
..........#.# .........#..##
#.####.#..#.# $........#..#.
#.# #.#..... .........#..#.
#.# #.#....... ..............
#.# #.#..#.... ##e#####....


You could see Duvessa (berserk).

Notes
Turn   | Place    | Note
-------+----------+-------------------------------------------
     0 | D:1      | theanonym the Tengu Air Elementalist began the quest for the Orb.
     0 | D:1      | Reached XP level 1. HP: 10/10 MP: 4/4
    24 | D:1      | HP: 5/10 [hobgoblin (3)]
    26 | D:1      | HP: 2/10 [hobgoblin (3)]
    31 | D:1      | Reached skill level 2 in Conjurations
   292 | D:1      | Reached XP level 2. HP: 13/15 MP: 0/6
   653 | D:1      | Reached skill level 3 in Conjurations
   815 | D:1      | Found a snail-covered altar of Cheibriados.
  1063 | D:1      | Reached XP level 3. HP: 19/19 MP: 2/7
  1134 | D:1      | Learned a level 3 spell: Static Discharge
  1875 | D:2      | Noticed an orc warrior
  1878 | D:2      | HP: 5/19 [orc priest/divine providence (14)]
  2210 | D:2      | Reached skill level 4 in Conjurations
  2336 | D:2      | Reached XP level 4. HP: 16/24 MP: 8/8
  2601 | D:2      | Reached skill level 5 in Air Magic
  2621 | D:2      | HP: 10/24 [leopard gecko (4)]
  3089 | D:2      | HP: 8/24 [orc warrior/battleaxe of chopping (14)]
  3441 | D:3      | HP: 12/24 [poisoned by a kobold]
  3636 | D:3      | Noticed Ashen's ghost (amateur NaNe)
  3662 | D:3      | Reached skill level 5 in Conjurations
  3665 | D:3      | Gained mutation: You can fly. [Tengu growth]
  3665 | D:3      | Reached XP level 5. HP: 28/28 MP: 4/9
  3721 | D:3      | Learned a level 4 spell: Airstrike
  3781 | D:3      | Found a shadowy altar of Dithmenos.
  3792 | D:3      | HP: 13/28 [Ashen's ghost (4)]
  3795 | D:3      | Killed Ashen's ghost
  4414 | D:3      | Reached skill level 3 in Spellcasting
  4434 | D:3      | Reached XP level 6. HP: 29/32 MP: 7/11
  4597 | D:3      | Reached skill level 6 in Air Magic
  4854 | D:3      | Reached skill level 6 in Conjurations
  4895 | D:3      | HP: 16/32 [fire bat (1)]
  5255 | D:3      | HP: 16/32 [something (4)]
  5256 | D:3      | Reached XP level 7. HP: 18/36 MP: 4/13
  5494 | D:3      | Learned a level 5 spell: Lightning Bolt
  5571 | D:4      | Found a staircase to the Ecumenical Temple.
  5581 | Temple   | Entered the Ecumenical Temple
  5880 | D:4      | HP: 17/36 [/static electricity (2)]
  5885 | D:4      | HP: 11/36 [poisoned by a worker ant]
  5890 | D:4      | HP: 8/36 [poisoned by a worker ant]
  5896 | D:4      | HP: 6/36 [poisoned by a worker ant]
  5902 | D:4      | HP: 4/36 [poisoned by a worker ant]
  5910 | D:4      | HP: 3/36 [poisoned by a worker ant]
  6473 | D:4      | Noticed Dowan
  6474 | D:4      | Noticed Duvessa
  6507 | D:3      | Noticed Robin
  6536 | D:3      | Killed Robin
  6536 | D:3      | Reached skill level 4 in Spellcasting
  6690 | D:3      | Found a shadowy altar of Dithmenos.
  7214 | D:4      | HP: 9/36 [Duvessa/rapier (11)]
  7470 | D:4      | HP: 14/36 [Duvessa/rapier (6)]
  7475 | D:4      | HP: 13/36 [Duvessa/rapier (1)]
  7831 | D:4      | Noticed Grinder
  7841 | D:4      | Killed Grinder
  7841 | D:4      | Reached skill level 7 in Conjurations
  7841 | D:4      | Reached skill level 7 in Air Magic
  7865 | D:4      | Killed Dowan
  7865 | D:4      | Reached XP level 8. HP: 38/41 MP: 15/15
  7865 | D:4      | HP: 20/41 [Duvessa/rapier (18)]
  7866 | D:4      | HP: 9/41 [Duvessa/rapier (1)]
  7868 | D:4      | Slain by Duvessa

Vanquished Creatures
  Grinder (D:4)
  The ghost of Ashen the Grave Robber, an amateur NaNe (D:3)
  Dowan (D:4)
  A vampire bat (D:3)
  2 orc priests (D:3)
  A centaur skeleton (D:4)
  An iguana (D:4)
  An orc wizard (D:3)
  A worker ant (D:4)
  A hound skeleton (D:4)
  Robin (D:3)
  3 gnolls (D:2)
  6 adders
  An adder skeleton (D:4)
  A worm (D:3)
  3 fire bats (D:3)
  4 leopard geckos
  9 orcs
  2 spectral bats (D:3)
  15 bats
  3 bat skeletons (D:3)
  A bat zombie (D:3)
  2 giant cockroaches
  13 goblins
  14 hobgoblins
  4 jackals (D:1)
  10 kobolds
  3 quokkas
  A ball python (D:1)
  A bat simulacrum (D:3)
  4 frilled lizards
  15 rats
127 creatures vanquished.

Table legend:
 A = Turns spent in this place as a percentage of turns spent in the entire game.
 B = Non-inter-level travel turns spent in this place as a percentage of non-inter-level travel turns spent in the entire game.
 C = Inter-level travel turns spent in this place as a percentage of turns spent in this place.
 D = Turns resting spent in this place as a percentage of non-inter-level travel turns spent in this place.
 E = Turns spent auto-exploring this place as a percentage of non-inter-level travel turns spent in this place.
 F = Non-inter-level travel turns spent in this place divided by the number of levels of this place that you've seen.
                   A       B       C       D       E      F
               +-------+-------+-------+-------+-------+----------------------
         Total | 100.0 | 100.0 |   5.0 |  51.6 |  36.2 | 1494.2
       Dungeon |  98.2 |  98.3 |   5.0 |  52.5 |  35.1 | 1835.2
        Temple |   1.8 |   1.7 |   5.8 |   0.0 |  98.5 | 130.0
               +-------+-------+-------+-------+-------+----------------------
